 Dungeon Crawl Stone Soup version 0.22.1-1-ga44c0e5 (webtiles) character file.

297 MTVSty1e the Skirmisher (level 6, -2/40 HPs)
             Began as a Gargoyle Fighter on Oct 22, 2018.
             Slain by an ogre
             ... wielding a +0 giant club
              (19 damage)
             ... on level 4 of the Dungeon.
             The game lasted 00:05:23 (2530 turns).

MTVSty1e the Skirmisher (Gargoyle Fighter)          Turns: 2530, Time: 00:05:24

Health: -2/40      AC: 17    Str: 26    XL:     6   Next: 35%
Magic:  6/6        EV:  4    Int:  9    God:
Gold:   169        SH:  0    Dex: 12    Spells: 5/5 levels left

rFire    . . .     SeeInvis .   a - +0 war axe
rCold    . . .     Gourm    .   c - +0 shield
rNeg     + . .     Faith    .   q - +0 plate armour
rPois    ∞         Spirit   .   (no helmet)
rElec    +         Reflect  .   n - +0 cloak
rCorr    .         Harm     .   (no gloves)
MR       .....                  (no boots)
Stlth    ..........             o - amulet of the acrobat
HPRegen  0.13/turn              i - +3 ring of dexterity
MPRegen  0.10/turn              (no ring)

@: confused, mighty
A: negative energy resistance 1, electricity resistance, unbreathing,
petrification resistance, rot immunity, AC +4
a: no special abilities


You were on level 4 of the Dungeon.
You were not hungry.

You visited 1 branch of the dungeon, and saw 4 of its levels.

You collected 169 gold pieces.

Inventory:

Hand Weapons
 a - a +0 war axe (weapon)
Armour
 c - a +0 shield (worn)
 n - a +0 cloak (worn)
 q - a +0 plate armour (worn)
Jewellery
 i - a +3 ring of dexterity (left hand)
 o - an amulet of the acrobat (around neck)
Scrolls
 e - 6 scrolls of identify
 m - 2 scrolls of fear
 p - a scroll of teleportation {unknown}
 r - 2 scrolls of remove curse
Potions
 d - a potion of might
 g - a potion of invisibility {unknown}
 h - a potion of curing {unknown}
 j - a potion of resistance {unknown}
 k - a potion of degeneration {unknown}
 l - 2 potions of magic {unknown}
Comestibles
 f - 6 rations


   Skills:
 + Level 5.1 Fighting
 * Level 4.7 Axes
 - Level 3.4 Armour
 - Level 3.5 Shields


You had 5 spell levels left.
You didn't know any spells.
Your spell library was empty.

Dungeon Overview and Level Annotations

Branches:
Dungeon (4/15)             Temple (0/1) D:4

Altars:
Sif Muna
Vehumet


Innate Abilities, Weirdness & Mutations

You are resistant to torment.
Your stone body is resilient. (AC +4)
You are immune to poison.
You resist negative energy. (rN+)
You are resistant to electric shocks. (rElec)
You can survive without breathing.
You are immune to petrification.
You are immune to rotting.


Message History

The orc hits you but does no damage.
Found a ration.
The orc barely misses you. The orc misses you.
The orc wizard gestures at you while chanting.
The puff of flame hits you!
You see here a lumpy green potion.
You feel very mighty all of a sudden. The orc hits you but does no damage.
The ogre hits you with a giant club!!
Ouch! That really hurt!
The orc hits you but does no damage.
You are too injured to fight recklessly!
Unknown command.
You slash the ogre!
The ogre is moderately wounded.
You barely miss the orc. You barely miss the worker ant. You slash the orc!
You hit the orc wizard.
The worker ant bites you but does no damage.
The orc completely misses you. The orc wizard barely misses you.
The ogre hits you with a giant club!!
You die...

.......##...######.#
#..###.#...## #..#
#..###....## #.##
#...###...# ##.#
##......#.# #..#
....###...#
#.####### ###.#
##..# #.#.....## #..
#.... ###oO......#
#.#.
###..##..@o.......
#.. #.##.#ao.......
##. .##.#oo..%....
.. #......... ..
#......... ..
.........#
#........% .
......... #


You could see an ogre, a worker ant, an orc priest, an orc wizard and 3 orcs.

Vanquished Creatures
  An ogre (D:4)
  An orc wizard (D:4)
  3 gnolls (D:3)
  4 adders
  An ooze (D:2)
  An adder skeleton (D:4)
  3 worms
  4 dart slugs (D:1)
  4 leopard geckos
  12 orcs
  6 bats
  3 giant cockroaches
  12 goblins
  6 hobgoblins
  3 quokkas
  2 ball pythons
  A frilled lizard (D:3)
  5 kobolds
  16 rats
88 creatures vanquished.

Vanquished Creatures (others)
  A bat (D:1)
1 creature vanquished.

Grand Total: 89 creatures vanquished

Notes
Turn   | Place    | Note
-------+----------+-------------------------------------------
     0 | D:1      | MTVSty1e the Gargoyle Fighter began the quest for the Orb.
     0 | D:1      | Reached XP level 1. HP: 14/14 MP: 1/1
    34 | D:1      | Reached XP level 2. HP: 16/20 MP: 2/2
   307 | D:1      | Reached XP level 3. HP: 20/24 MP: 3/3
   867 | D:2      | Reached skill level 4 in Fighting
   998 | D:2      | Reached XP level 4. HP: 27/29 MP: 4/4
  1433 | D:3      | Found a deep blue altar of Sif Muna.
  1434 | D:3      | Found a radiant altar of Vehumet.
  1670 | D:3      | Reached XP level 5. HP: 33/34 MP: 5/5
  2258 | D:4      | Noticed an ogre
  2265 | D:4      | Killed an ogre
  2265 | D:4      | Reached skill level 5 in Fighting
  2265 | D:4      | Reached XP level 6. HP: 22/40 MP: 6/6
  2460 | D:4      | Found a staircase to the Ecumenical Temple.
  2530 | D:4      | Slain by an ogre

Skill      XL: |  1  2  3  4  5 |
---------------+----------------+-----
Axes           | 2 3 4 |  4.7
Fighting       | 4 5 |  5.1
Armour         | |  3.4
Shields        | |  3.5

Action                   |  1- 3 |  4- 6 || total
-------------------------+-------+-------++-------
Melee: War axe           |   105 |   133 ||   238
  Use: Scroll            |       |     7 ||     7
       Potion            |       |     2 ||     2
  Eat: Chunk             |       |     6 ||     6
Armor: Scale mail        |    59 |    50 ||   109
       Plate armour      |       |    30 ||    30
Dodge: Dodged            |    46 |    58 ||   104
Block: Shield            |    58 |    72 ||   130
